Map: Backwater LE

Players

Vincsis

  • Race: Terran Terran
  • League: Master
  • Spawn Location: 5:00

Dauntless - Winner!

  • Race: Zerg Zerg
  • League: Diamond
  • Spawn Location: 11:00

VOD

Have the link to the VOD?

Description

Time

  • Played on: March 10, 2018, 1:14 p.m.
  • Length: 14:29
Show
View Real Time Build Order
Export as new Build Order

Vincsis Terran 

Build Orders: Liberator Opening, Reaper Expand, MMM Bio 

Get SALT Encoding   

  12  0:01  SCV  
  13  0:13  SCV  
  14  0:18  Supply Depot  
  14  0:25  SCV  
  15  0:30  Refinery  
  15  0:43  Barracks  
  15  0:45  SCV  
  16  0:58  SCV  
  17  1:10  SCV  
  18  1:23  SCV  
  19  1:30  Reaper  
  20  1:40  Orbital Command  
  20  1:46  Command Center  
  20  1:59  Supply Depot  
  20  2:02  Barracks Reactor  
  20  2:06  SCV  
  21  2:12  Factory  
  21  2:18  SCV  
  21  2:20  Refinery  
  22  2:30  SCV  
  23  2:45  SCV  
  24  2:57  Barracks Tech Lab  
  24  2:58  Starport  
  24  2:59  SCV  
  24  3:00  Orbital Command  
  24  3:03  Hellion x2  
  29  3:11  SCV  
  30  3:17  Stimpack  
  30  3:23  SCV  
  30  3:25  Hellion  
  30  3:26  Hellion  
  35  3:31  SCV  
  36  3:35  SCV  
  36  3:40  Medivac  
  39  3:43  SCV, Supply Depot  
  39  3:47  Hellion  
  42  3:54  Hellion  
  44  3:58  Liberator  
  44  4:04  SCV x2  
  44  4:08  Supply Depot  
  44  4:09  Hellion  
  48  4:13  Armory  
  48  4:15  Hellion  
  46  4:39  SCV x2, Supply Depot  
  46  4:40  Hellion  
  46  4:41  Hellion  
  52  4:46  Marine  
  52  4:51  Barracks x2  
  52  4:52  Engineering Bay  
  53  4:57  SCV x2  
  55  5:04  Marine  
  56  5:09  SCV x2  
  58  5:18  Combat Shields  
  58  5:22  Marine  
  49  5:46  Barracks Reactor  
  49  5:47  Barracks Reactor  
  45  5:51  SCV x2  
  45  5:53  Terran Infantry Weapons Level 1  
  45  5:56  Engineering Bay  
  47  5:58  Barracks  
  47  6:01  Barracks  
  47  6:03  SCV x2  
  49  6:06  Command Center  
  49  6:08  Marine  
  49  6:09  Supply Depot  
  49  6:10  Supply Depot, Factory Tech Lab  
  50  6:12  Medivac  
  50  6:17  SCV x2  
  54  6:19  Refinery  
  54  6:20  Refinery  
  54  6:21  Terran Infantry Armor Level 1  
  54  6:25  Marine x4  
  58  6:26  Marine  
  58  6:29  SCV  
  60  6:36  Siege Tank  
  63  6:40  SCV  
  63  6:43  SCV  
  63  6:44  Marauder  
  63  6:46  Marine x2  
  69  6:58  Marine x2  
  71  7:13  Marine x5  
  71  7:15  Medivac x2, Siege Tank  
  79  7:16  Marine  
  79  8:07  Marine  
  79  8:08  Marine x6  
  83  8:13  SCV x2, Barracks  
  83  8:14  Barracks, Orbital Command  
  83  8:15  Barracks  
  85  8:24  Terran Infantry Weapons Level 2  
  85  8:25  SCV x2, Terran Infantry Armor Level 2, Marine x3  
  89  8:27  Barracks Reactor, Barracks Tech Lab  
  89  8:30  Marine x2  
  89  8:31  Siege Tank  
  94  8:37  SCV  
  95  8:46  Marine x4  
  95  8:48  Medivac  
  101  8:56  Medivac  
  101  8:57  Supply Depot x2  
  101  8:58  Supply Depot  
  103  9:03  Siege Tank  
  105  9:25  Marine x6  
  105  9:28  Barracks Reactor x2, Barracks Tech Lab  
  111  9:32  SCV x3  
  111  9:35  Supply Depot, Siege Tank  
  111  9:36  Marine x2  
  111  9:37  Supply Depot  
  111  9:38  Supply Depot, Concussive Shells  
  119  9:39  Medivac x2  
  119  9:43  Marine x2  
  119  9:44  SCV x3  
  128  9:54  Marine x6  
  128  9:56  SCV  
  128  9:58  Marine  
  136  10:07  Siege Tank  
  136  10:09  Medivac x2  
  143  10:17  Command Center  
  121  10:39  Siege Tank  
  106  10:51  Command Center  
  106  10:54  SCV x3, Marine  
  106  10:55  Marine x12  
  106  10:56  Terran Infantry Armor Level 3, Terran Infantry Weapons Level 3  
  111  11:12  Marine  
  111  11:13  Marine  
  89  11:39  Marine x3  
  85  11:40  Marine x10  
  89  11:49  Siege Tank  
  92  11:57  Marine x8  
  92  11:58  Marauder, Marine  
  92  12:00  Supply Depot  
  103  12:04  Marine x2  
  103  12:05  Marine  
  106  12:10  Planetary Fortress  
  106  12:19  Liberator  
  106  12:21  Siege Tank  
  109  12:23  SCV x2  
  109  12:27  Marine  
  109  12:28  Marine x2  
  114  12:31  Marauder, Marine  
  114  12:32  Marauder  
  119  13:05  Marine  
  96  13:07  Marine x2  
  96  13:08  Marine x2  
  93  13:17  Marine  
  81  13:21  Marine x5  
  81  13:22  Marine x2  
  55  13:47  Marine  
  55  13:48  Marine x6  
  55  14:08  Marine  
  55  14:09  Marine x12  
Show
View Real Time Build Order
Export as new Build Order

Dauntless Zerg - Winner!

Build Orders: Hatch First 

Get SALT Encoding   

  12  0:00  Drone  
  13  0:12  Overlord  
  13  0:17  Drone  
  14  0:31  Drone x2  
  14  0:34  Drone  
  17  0:45  Drone  
  18  0:57  Hatchery  
  18  0:58  Drone  
  18  1:00  Extractor  
  17  1:08  Drone  
  18  1:18  Drone  
  19  1:22  Spawning Pool  
  18  1:28  Drone  
  19  1:38  Drone  
  20  1:49  Overlord  
  20  2:00  Drone  
  21  2:08  Metabolic Boost  
  21  2:09  Queen x2  
  21  2:11  Zergling x2  
  21  2:12  Zergling x2  
  27  2:20  Drone  
  27  2:22  Drone  
  29  2:29  Extractor  
  28  2:34  Evolution Chamber  
  28  2:35  Drone x2  
  29  2:48  Drone  
  29  2:49  Queen, Drone  
  34  2:53  Overlord  
  34  2:56  Drone  
  35  3:00  Zerg Ground Armor Level 1  
  35  3:05  Overlord  
  35  3:08  Drone  
  36  3:14  Drone  
  36  3:17  Drone x2  
  36  3:18  Drone  
  40  3:21  Drone  
  40  3:22  Drone  
  40  3:25  Drone  
  40  3:26  Drone  
  44  3:29  Drone  
  44  3:31  Drone  
  46  3:50  Zergling x6  
  46  3:51  Zergling x2, Hatchery  
  48  4:00  Roach Warren  
  47  4:03  Zergling x8  
  47  4:05  Overlord  
  51  4:12  Overlord  
  51  4:13  Baneling Nest  
  51  4:15  Zergling x2  
  51  4:23  Queen  
  53  4:32  Drone x7  
  58  4:40  Drone  
  58  4:45  Drone  
  60  4:50  Extractor x2, Lair  
  58  4:55  Zerg Missile Weapons Level 1, Drone x2  
  58  4:58  Evolution Chamber  
  59  5:04  Overlord  
  59  5:05  Roach x2  
  63  5:13  Extractor  
  62  5:16  Roach x3  
  62  5:18  Overlord x2  
  68  5:23  Roach x2  
  68  5:24  Roach  
  60  5:53  Hydralisk Den  
  59  6:07  Drone  
  59  6:08  Drone x3  
  63  6:18  Drone  
  63  6:19  Drone x11  
  63  6:21  Zerg Ground Armor Level 2  
  63  6:22  Drone  
  76  6:30  Drone  
  76  6:31  Drone x3  
  76  6:32  Drone  
  81  6:35  Drone  
  82  6:42  Drone x4  
  82  6:45  Extractor  
  82  6:46  Extractor, Drone x2  
  86  6:51  Zerg Missile Weapons Level 2  
  86  6:52  Drone  
  86  6:53  Drone x2  
  89  6:55  Drone x2  
  89  7:04  Hydralisk x4  
  97  7:11  Overlord x4  
  94  7:30  Hydralisk x5  
  94  7:31  Hydralisk  
  94  7:32  Zergling x8  
  109  7:45  Overlord x4  
  106  8:03  Roach x2  
  106  8:04  Roach x4  
  105  8:26  Queen x2  
  107  8:27  Queen  
  107  8:31  Drone  
  107  8:32  Drone x4  
  107  8:33  Drone  
  117  8:42  Hydralisk x2  
  121  8:50  Hatchery  
  121  8:51  Roach x4  
  128  8:58  Roach x2  
  128  8:59  Infestation Pit  
  128  9:01  Roach x2  
  123  9:14  Roach x4  
  123  9:16  Roach x2  
  121  9:24  Pneumatized Carapace  
  121  9:34  Roach x3  
  121  9:35  Roach  
  129  9:42  Spore Crawler x2  
  129  9:45  Spine Crawler  
  126  9:46  Roach x3  
  126  9:48  Ravager  
  126  9:51  Grooved Spines  
  133  9:59  Roach x2  
  137  10:01  Overlord x3  
  137  10:04  Glial Reconstitution  
  137  10:08  Ravager x6  
  137  10:10  Overlord x4  
  137  10:40  Roach x4  
  137  10:41  Roach x13  
  149  10:50  Roach x5  
  149  10:54  Roach x2  
  163  10:59  Queen  
  163  11:02  Muscular Augments  
  165  11:13  Roach x5  
  165  11:14  Roach x2  
  169  11:22  Tunneling Claws  
  163  11:30  Hydralisk x2  
  163  11:31  Hydralisk x5  
  160  11:39  Overlord x2  
  142  11:45  Hydralisk x3  
  142  11:46  Hydralisk x2  
  150  12:08  Hive, Hydralisk x5  
  160  12:36  Ravager x2  
  160  12:37  Ravager x4  
  166  12:38  Zergling x30  
  149  13:09  Roach, Hydralisk x8  
  150  13:16  Hydralisk x3  
  150  13:32  Hydralisk x6  
  142  13:40  Roach x2  
Tags
 
Add a new tag
Caveats
  • Supply blocks, unpowered buildings, or Contaminate may cause inaccurate times.
  • Supply counts are checked every 10 seconds.